 Dungeon Crawl Stone Soup version 0.29.1-2-gbd0b4ee654 (webtiles) character file.

Game seed: 16482729645484301082

104 bullfish the Magician (level 4, -1/35 HPs)
             Began as a Draconian Transmuter on Nov 16, 2022.
             Killed from afar by an orc wizard (6 damage)
             ... with a puff of flame
             ... on level 3 of the Dungeon on Nov 17, 2022.
             The game lasted 00:08:37 (1876 turns).

bullfish the Magician (Draconian Transmuter)        Turns: 1876, Time: 00:08:38

Health: -1/35      AC:  5    Str: 12    XL:     4   Next: 52%
Magic:  10/10      EV: 12    Int: 21    God:
Gold:   133        SH:  0    Dex: 12    Spells: 8/11 levels left

rFire   . . .      SeeInvis .     - Unarmed
rCold   . . .      Faith    .   (no shield)
rNeg    . . .      Spirit   .   (body armour unavailable)
rPois   .          Reflect  .   (helmet restricted)
rElec   .          Harm     .   (no cloak)
rCorr   .          Rampage  .   (no gloves)
Will    .....                   (no boots)
Stlth   +.........              (no amulet)
HPRegen 0.11/turn               f - +6 ring of intelligence
MPRegen 0.12/turn               j - ring of flight

@: confused, flying
A: AC +5, unfitting armour, cold-blooded
a: no special abilities


You were on level 3 of the Dungeon.
You visited 1 branch of the dungeon, and saw 3 of its levels.

You collected 133 gold pieces.

Inventory:

Missiles
 s - 5 silver javelins
Armour
 o - a +0 pair of boots
Jewellery
 f - a +6 ring of intelligence (left hand)
 j - a ring of flight (right hand)
Scrolls
 d - a scroll of torment {unknown}
 g - a scroll of teleportation
 i - a scroll of enchant weapon
 l - a scroll of poison {unknown}
 n - 2 scrolls of magic mapping
 p - a scroll of enchant armour {unknown}
 r - a scroll of blinking {unknown}
 t - a scroll of noise {unknown}
Potions
 a - 2 potions of lignification
 b - a potion of heal wounds {unknown}
 c - 4 potions of mutation
 e - 3 potions of curing
 h - a potion of brilliance {unknown}
 k - 2 potions of magic
 m - a potion of invisibility {unknown}
 q - a potion of cancellation {unknown}


   Skills:
 - Level 1.1 Fighting
 - Level 1.7 Dodging
 - Level 3.0 Unarmed Combat
 - Level 4.1 Spellcasting
 + Level 2.8 Transmutations


You had 8 spell levels left.
You knew the following spells:

 Your Spells              Type           Power      Damage    Failure   Level
a - Beastly Appendage     Tmut           32%        N/A       3%          1
b - Wereblood             Tmut           16%        N/A       5%          2

Your spell library contained the following spells:

 Spells                   Type           Power      Damage    Failure   Level
 Spider Form              Tmut/Pois      10%        N/A       21%         3
 Gell's Gravitas          Tloc           4%         N/A       34%         3
 Teleport Other           Tloc           4%         N/A       34%         3
 Ice Form                 Ice/Tmut       10%        N/A       54%         4
 Dispersal                Tloc           2%         N/A       100%        6


Dungeon Overview and Level Annotations

Branches:
Dungeon (3/15)

Altars:
Zin


Innate Abilities, Weirdness & Mutations

Your plain brown scales are hard. (AC +5)
You cannot fit into any form of body armour.
You are cold-blooded and may be slowed by cold attacks.


Message History

You miss something. Your kick misses something.
Something hits you but does no damage. Something hits you but does no damage.
You see here 6 stones.
You barely miss something. Your kick misses something.
Something hits you but does no damage.
You closely miss something. Your headbutt misses something.
You tail-slap something.
You feel less confused.
You hear some strange, mumbled words.
You are confused.
Something hits you.
You barely miss something.
Your horns disappear.
Your talons disappear.
Something hits you.
Your primal bloodlust is almost over.
You hear some strange, mumbled words.
You are more confused.
You bump into the rock wall.
You bump into the rock wall.
Something hits you.
You hear some strange, mumbled words.
A puff of flame appears from out of thin air!
The puff of flame hits you!
* * * LOW HITPOINT WARNING * * *
You hit something but do no damage.
Your primal bloodlust has ended.
Something hits you but does no damage.
You're too confused to move!
Something hits you but does no damage.
You hit something but do no damage.
Your tail-slap misses something.
Something hits you.
* * * LOW HITPOINT WARNING * * *
You miss something.
An orc wizard appears from thin air!
Reactivating autopickup.
The orc wizard hits you but does no damage.
You're too confused to cast spells.
You hit the orc wizard but do no damage.
Your tail-slap misses the orc wizard.
The orc wizard points at you and mumbles some strange words.
The puff of flame hits you.
You die...

# #..##.# #...##.#..##.#
...........#.#
#.#......###.##
##.#....####...##### #
............#...... #.
#....#.####...#####
#.###.##....#.# ##.##...#
#........@..#.####.#...###
.###...o..............#
.###.##....#.####.#.#.###
..........)#.####.......#
.......(..)).............
#.#######..##..#####.#)#.#
# #..###.###........ ....#
#.#.......##. ###.##
#.#.#.#......


You could see an orc wizard.

Vanquished Creatures
  An orc wizard (D:3)
  2 gnolls (D:1)
  3 orcs (D:3)
  7 ball pythons
  3 endoplasms (D:1)
  5 giant cockroaches (D:1)
  2 goblins
  5 hobgoblins
  2 jackals (D:1)
  4 quokkas
  4 bats
  2 frilled lizards
  5 kobolds
  7 rats
52 creatures vanquished.

Notes
Turn   | Place    | Note
-------+----------+-------------------------------------------
     0 | D:1      | bullfish the Draconian Transmuter began the quest for the
                  | Orb.
     0 | D:1      | Reached XP level 1. HP: 16/16 MP: 3/3
    99 | D:1      | Reached XP level 2. HP: 11/23 MP: 3/5
   415 | D:1      | Reached skill level 3 in Spellcasting
   559 | D:1      | Reached XP level 3. HP: 28/28 MP: 5/7
  1110 | D:2      | Reached skill level 4 in Spellcasting
  1298 | D:2      | Found a glowing silver altar of Zin.
  1586 | D:3      | Reached XP level 4. HP: 21/35 MP: 10/10
  1750 | D:3      | Learned a level 2 spell: Wereblood
  1876 | D:3      | Killed from afar by an orc wizard

Illustrated notes

Levels and vault maps discovered:
D:1:      wander_arrival_lonely_grave, layout_basic, minmay_nonomino_d4
D:2:      layout_basic, basic_altar
D:3:      layout_basic, minmay_misc_feat_tower

Skill      XL: |  1  2  3 |
---------------+----------+-----
Spellcasting   | 3 4 |  4.1
Fighting       | |  1.1
Dodging        | |  1.7
Unarmed Combat | |  3.0
Transmutations | |  2.8

Action                   |  1- 3 |  4- 6 || total
-------------------------+-------+-------++-------
Melee: Unarmed           |   101 |    29 ||   130
       Kick              |    28 |     2 ||    30
       Headbutt          |    19 |     1 ||    20
       Tailslap          |     9 |     3 ||    12
       Punch             |     1 |     1 ||     2
 Cast: Beastly Appendage |    22 |     4 ||    26
       Wereblood         |       |     2 ||     2
  Use: Scroll            |     6 |       ||     6
Armor: Skin              |    23 |    12 ||    35
Dodge: Dodged            |    62 |    14 ||    76
